 Dungeon Crawl Stone Soup version 0.32-a0-571-gec57dfcd37 (webtiles) character file.

Game seed: 10027306982306342748

935 Malificent the Sneak (level 8, -19/49 HPs)
             Began as an Octopode Shapeshifter on Mar 1, 2024.
             Was an Elder of Cheibriados.
             Demolished by a two-headed ogre
             ... wielding a +0 dire flail
              (24 damage)
             ... on level 6 of the Dungeon.
             The game lasted 00:19:37 (5150 turns).

Malificent the Sneak (Octopode Shapeshifter)        Turns: 5150, Time: 00:19:39

Health: -19/49     AC:  1    Str: 25    XL:     8   Next: 11%
Magic:  0/11       EV: 15    Int: 23    God:    Cheibriados [****..]
Gold:   224        SH:  0    Dex: 26    Spells: 10/11 levels left

rFire   . . .        g - staff of Wierhuw {rPois Will- Dex+5 Summ Alchemy}
rCold   . . .        (no shield)
rNeg    . . .        (helmet currently unavailable)
rPois   +            i - amulet of guardian spirit
rElec   .            (no ring)
rCorr   .            (no ring)
SInv    .            (no ring)
Will    .....        (no ring)
Stlth   ++++         (no ring)
HPRegen 0.28/turn    (no ring)
MPRegen 0.12/turn    (no ring)
                     (no ring)

%: guardian spirit
@: beast-form, very slow
A: beast (slay +2), almost no armour, amphibious, 8 rings, camouflage 1,
gelatinous body 1, (nimble swimmer 1), tentacles
a: Begin Untransformation, Renounce Religion, Bend Time, Temporal Distortion,
Slouch


You were on level 6 of the Dungeon.
You worshipped Cheibriados.
Cheibriados was greatly pleased with you.
You were a hulking beast.
You visited 1 branch of the dungeon, and saw 7 of its levels.

You collected 224 gold pieces.

Inventory:

Magical Staves
 g - the staff of Wierhuw (weapon) {rPois Will- Dex+5 Summ Alchemy}
   (You acquired it on level 1 of the Dungeon)

   [staff of alchemy]

   Base accuracy: +5 Base damage: 5 Base attack delay: 1.2 This weapon's minimum
   attack delay (0.6) is reached at skill level 12.
   Dex+5:     It affects your dexterity (+5).
   rPois:     It protects you from poison Will-: It decreases your willpower.
   Summ:      It increases the power of your Summonings spells.
   Alchemy:   It increases the power of your Alchemy spells.
   It falls into the 'Staves' category.
   It is a one-tentacled weapon.
Jewellery
 i - an amulet of guardian spirit (around mantle)
 n - a ring of flight
 o - a ring of ice
 t - a ring of fire
Talismans
 b - a beast talisman (active)
 c - a flux talisman
Scrolls
 q - a scroll of vulnerability
Potions
 d - 2 potions of heal wounds {unknown}
 e - 2 potions of attraction
 f - 2 potions of curing
 h - 2 potions of ambrosia
 j - 2 potions of might {unknown}
 k - a potion of brilliance {unknown}
 m - 2 potions of enlightenment {unknown}
 r - a potion of mutation {unknown}
 s - a potion of haste {unknown}


   Skills:
 + Level 1.7 Fighting
 * Level 2.9 Staves
 * Level 3.0 Dodging
 * Level 4.6 Stealth
 + Level 3.4 Unarmed Combat
 * Level 2.0 Spellcasting
 * Level 2.0 Conjurations
 * Level 2.0 Summonings
 * Level 2.6 Alchemy
 * Level 2.3 Invocations
 * Level 2.4 Evocations
 + Level 4.0 Shapeshifting


You had 10 spell levels left.
You knew the following spells:

 Your Spells              Type           Power      Damage    Failure   Level
a - Sting                 Conj/Alch      76%        1d7       4%          1

Your spell library contained the following spells:

 Spells                   Type           Power      Damage    Failure   Level
 Summon Small Mammal      Summ           68%        N/A       5%          1
 Apportation              Tloc           4%         N/A       13%         1
 Necrotise                Necr           8%         1d4       13%         1
 Static Discharge         Conj/Air       14%        3-4/arc   13%         2
 Lesser Beckoning         Tloc           4%         N/A       19%         2
 Dazzling Flash           Conj/Hex       14%        N/A       26%         3
 Gell's Gravitas          Tloc           2%         N/A       36%         3
 Teleport Other           Tloc           2%         N/A       36%         3
 Brom's Barrelling Bould  Conj/Erth      7%         2d3       63%         4
 Flame Wave               Conj/Fire      7%         2d5       63%         4


Dungeon Overview and Level Annotations

Branches:
Dungeon (7/15)
 Temple: D:4-7

Altars:
Cheibriados
Fedhas
Makhleb
Okawaru

Shops:
D:1 (


Innate Abilities, Weirdness & Mutations

You are a hulking beast.
Your limbs bulge with bestial killing power. (Slay +2)
You cannot wear most types of armour.
You are amphibious.
You can wear up to eight rings at the same time.
Your skin changes colour to match your surroundings (Stealth+).
Your rubbery body absorbs attacks. (AC +1, EV +1)
((You are camouflaged when in or above water. (Stealth+)))
You have tentacles for arms and can constrict up to eight enemies at once.


Message History

The hound is almost dead.
You constrict the hound.
You kill the hound!
Cheibriados thoroughly appreciates the change of pace.
Your Summonings skill increases to level 2!
A scorpion comes into view.
You see here a hound corpse.
A two-headed ogre comes into view.
It is wielding a +0 dire flail and a +0 giant spiked club.
The scorpion closely misses you. The scorpion misses you.
You hit the scorpion. You grab the scorpion.
The scorpion is moderately wounded.
You constrict the scorpion.
The two-headed ogre shouts in stereo!
The scorpion barely misses you.
Okay, then.
As you read the scroll of fog, it dissolves into smoke.
You constrict the scorpion, but do no damage.
The scorpion closely misses you. The two-headed ogre misses you.
The two-headed ogre completely misses you.
You release your grip on the scorpion.
The scorpion completely misses you.
You see here a hound corpse.
The scorpion stings you. The scorpion closely misses you.
The two-headed ogre attacks as it pursues you!
The two-headed ogre hits you with a +0 dire flail!
The two-headed ogre hits you with a +0 giant spiked club!!
The scorpion attacks as it pursues you! The scorpion closely misses you.
You hit the two-headed ogre. You squeeze the two-headed ogre.
The two-headed ogre is moderately wounded.
You hit the two-headed ogre.
The two-headed ogre is moderately wounded.
The two-headed ogre misses you. The two-headed ogre closely misses you.
You hit the two-headed ogre.
You envenom the two-headed ogre.
The two-headed ogre is poisoned.
The two-headed ogre is heavily wounded.
The two-headed ogre hits you with a +0 dire flail!!
* * * LOW HITPOINT WARNING * * *
The two-headed ogre hits you with a +0 giant spiked club!!
You die...
Cheibriados appreciates the motionlessness of death.

#..............#.#######
###.......####..... ...
#.......# #.#.####### .
#.......####.......... ...
#####................####
....#.....##.##.##.##.#..##..
(........###############.##.#
...#....##[#.s#.§#§§# #..##.#
. #####.÷#.h#§§#§§# ##....#
....#....##..#O§#§§#§.##......
.......<..########## ####....#
.)...#.....# #...... ...#
#......... .....##.. ..
#......### #........ #.....##
######### ##..... #....##


You could see a two-headed ogre (poisoned) and a scorpion.

Vanquished Creatures
  A wyvern (D:6)
  An ice beast (D:5)
  A black bear (D:4)
  An ogre (D:5)
  A bombardier beetle (D:5)
  3 hounds
  An orc priest (D:5)
  2 iguanas
  4 orc wizards
  6 adders
  A gnoll (D:2)
  4 ufetubi
  2 dart slugs
  4 ribbon worms
  21 orcs
  8 endoplasms
  3 giant cockroaches
  5 goblins
  7 hobgoblins
  7 jackals
  2 quokkas
  8 ball pythons
  11 bats
  4 frilled lizards
  10 kobolds
  3 rats
121 creatures vanquished.

Notes
Turn   | Place    | Note
-------+----------+-------------------------------------------
     0 | D:1      | Malificent the Octopode Shapeshifter began the quest for
                  | the Orb.
     0 | D:1      | Reached XP level 1. HP: 13/13 MP: 1/1
    27 | D:1      | Reached XP level 2. HP: 9/18 MP: 2/2
   356 | D:1      | Found a faded altar of an unknown god.
   360 | D:1      | Prayed at the altar of an unknown god.
   360 | D:1      | Became a worshipper of Cheibriados the Contemplative
   360 | D:1      | Reached * piety under Cheibriados
   421 | D:1      | Found Ufipoen's Antique Weapon Shoppe.
   508 | D:1      | Reached XP level 3. HP: 23/23 MP: 3/3
   657 | D:1      | Reached ** piety under Cheibriados
   833 | D:1      | Identified a scroll of acquirement
   833 | D:1      | Acquired the staff of Wierhuw {rPois Will- Dex+5 Summ
                  | Alchemy}
   842 | D:2      | Learned a level 1 spell: Sting
  1238 | D:2      | Reached XP level 4. HP: 24/28 MP: 2/4
  1291 | D:2      | Reached skill level 1 in Stealth
  1291 | D:2      | Reached skill level 1 in Alchemy
  1843 | D:3      | Reached *** piety under Cheibriados
  2047 | D:3      | Found an iron altar of Okawaru.
  2050 | D:3      | Found a blossoming altar of Fedhas.
  2055 | D:3      | Found a burning altar of Makhleb.
  2265 | D:3      | Reached XP level 5. HP: 33/33 MP: 5/5
  2319 | D:3      | Got the Teachings on the Discharge
  2442 | D:4      | Reached skill level 1 in Invocations
  2762 | D:4      | Reached skill level 1 in Staves
  2762 | D:4      | Reached skill level 1 in Conjurations
  2830 | D:4      | Noticed a black bear
  2836 | D:4      | Killed a black bear
  2837 | D:4      | Reached skill level 1 in Evocations
  2837 | D:4      | Reached XP level 6. HP: 36/38 MP: 3/7
  3136 | D:4      | Reached skill level 1 in Spellcasting
  3588 | D:4      | Reached **** piety under Cheibriados
  3619 | D:5      | Entered Level 5 of the Dungeon
  3746 | D:5      | Reached skill level 1 in Summonings
  3746 | D:5      | Reached XP level 7. HP: 34/43 MP: 5/8
  4524 | D:6      | Noticed a wyvern
  4532 | D:6      | Killed a wyvern
  4533 | D:6      | Reached XP level 8. HP: 17/49 MP: 4/11
  5140 | D:6      | Noticed a two-headed ogre
  5150 | D:6      | Demolished by a two-headed ogre

Illustrated notes

Levels and vault maps discovered:
D:1:      beargit_arrival_diablo_church, layout_rooms,
          hellmonk_ecumenical_altar_heavens_door, serial_shops, shop,
          chequers_serial_rivers_micro_e, hangedman_decor_slide_cut,
          chequers_serial_rivers_room_b
D:2:      layout_loops_ring, hangedman_glass_teeth
D:3:      layout_loops_ring, grunt_temple_overflow_diamond,
          minmay_misc_feat_doors
D:4:      layout_basic, enter_ossuary_1
D:5:      layout_rooms, minmay_misc_feat_rows, st_stairs_7
D:6:      layout_basic, minmay_manual_macuahuitl
D:7:      nicolae_cairo_tiling_very_big, layout_basic,
          minmay_temple_entry_overgrown, hangedman_glass_garden, uniq_jeremiah,
          uniq_duvessa

Skill      XL: |  1  2  3  4  5  6  7  8 |
---------------+-------------------------+-----
Stealth        | 1 2 3 4 |  4.6
Alchemy        | 1 2 |  2.6
Invocations    | 1 2 |  2.3
Staves         | 1 2 |  2.9
Conjurations   | 1 2 |  2.0
Evocations     | 1 2 |  2.4
Spellcasting   | 1 2 |  2.0
Summonings     | 1 2 |  2.0
Dodging        | 3 |  3.0
Shapeshifting  | 4 |  4.0
Fighting       | |  1.7
Unarmed Combat | |  3.4

Action                     |  1- 3 |  4- 6 |  7- 9 || total
---------------------------+-------+-------+-------++-------
  Melee: Unarmed           |    47 |       |       ||    47
         Constrict         |    13 |    41 |    16 ||    70
         Tentacles         |     9 |    31 |    15 ||    55
         Staff             |    18 |    97 |    60 ||   175
   Cast: Sting             |       |     4 |       ||     4
    Use: Scroll            |     4 |     4 |     7 ||    15
         Potion            |       |       |     3 ||     3
   Stab: Sleeping          |     3 |    16 |     4 ||    23
 Armour: Skin              |    32 |    40 |    82 ||   154
  Dodge: Dodged            |    56 |    52 |    53 ||   161

Table legend: (Time is in decaauts)
 A = Elapsed time spent in this place.
 B = Non-inter-level travel time spent in this place.
 C = Inter-level travel time spent in this place.
 D = Time resting spent in this place.
 E = Time spent auto-exploring this place.
 F = Levels seen in this place.
 G = Mean time per level.
                   A        B        C        D        E       F      G
               +--------+--------+--------+--------+--------+-----+--------+
         Total |   7127 |   6817 |    310 |   1017 |   4294 |   7 | 1018.1 |
       Dungeon |   7127 |   6817 |    310 |   1017 |   4294 |   7 | 1018.1 |
               +--------+--------+--------+--------+--------+-----+--------+

Top non-repeatable levels by time:
     D:4: 1757 daAuts
     D:2: 1278 daAuts
     D:5: 1176 daAuts
     D:1: 985 daAuts
     D:6: 978 daAuts
     D:3: 949 daAuts
     D:7: 1 daAuts
